 Dungeon Crawl Stone Soup version 0.21.1-1-g345015f (webtiles) character file.

109 Monsterracer the Insei (level 4, -2/29 HPs)
             Began as an Octopode Transmuter on Feb 15, 2018.
             Slain by an orc
             ... wielding a +0 flail
              (11 damage)
             ... on level 5 of the Dungeon.
             The game lasted 00:03:33 (2973 turns).

Monsterracer the Insei (Octopode Transmuter)        Turns: 2973, Time: 00:03:33

Health: -2/29      AC:  6    Str:  9    XL:     4   Next: 90%
Magic:  7/7        EV: 14    Int: 16    God:
Gold:   183        SH:  0    Dex: 12    Spells: 1/7 levels left

rFire    . . .     SeeInvis .     - Unarmed
rCold    . . .     Gourm    .   (no shield)
rNeg     . . .     Faith    .   (helmet restricted)
rPois    .         Spirit   .   (no amulet)
rElec    .         Reflect  .   m - +5 ring of protection
rCorr    .         Harm     .   (no ring)
MR       .....                  (no ring)
Stlth    +++.......             (no ring)
HPRegen  0.09/turn              (no ring)
MPRegen  0.10/turn              (no ring)
                                (no ring)
                                (no ring)

@: no status effects
A: almost no armour, stealthy swim, amphibious, 8 rings, constrict 8, camouflage
1, gelatinous body 1
a: no special abilities


You were on level 5 of the Dungeon.
You were hungry.

You visited 1 branch of the dungeon, and saw 5 of its levels.

You collected 183 gold pieces.

Inventory:

Missiles
 a - 37 arrows
Armour
 k - a +0 shield
Jewellery
 m - a +5 ring of protection (left tentacle)
Scrolls
 d - a scroll of fear {unknown}
 e - a scroll of remove curse {unknown}
 f - 2 scrolls of identify
 g - 2 scrolls of teleportation
 l - a scroll of immolation {unknown}
 p - a scroll of enchant weapon {unknown}
 r - 2 scrolls of random uselessness {unknown}
Potions
 h - a potion of might {unknown}
 i - a potion of mutation {unknown}
 j - a potion of heal wounds {unknown}
 n - a potion of brilliance {unknown}
 o - 2 potions of curing
 q - a potion of degeneration {unknown}
 t - a potion of ambrosia {unknown}
Books
 b - a book of Changes

   Spells                             Type                      Level
   a - Beastly Appendage              Transmutation                1
   b - Sticks to Snakes               Transmutation                2
   c - Spider Form                    Transmutation/Poison         3
   d - Ice Form                       Ice/Transmutation            4
   e - Blade Hands                    Transmutation                5
Comestibles
 c - 7 rations


   Skills:
 + Level 2.0 Fighting
 + Level 2.7 Dodging
 + Level 2.3 Stealth
 * Level 3.8 Unarmed Combat
 - Level 2.0 Spellcasting
 + Level 2.6 Transmutations


You had one spell level left.
You knew the following spells:

 Your Spells              Type           Power        Failure   Level  Hunger
a - Beastly Appendage     Tmut           ##....       7%          1    #......
b - Sticks to Snakes      Tmut           ##......     11%         2    ###....
c - Spider Form           Tmut/Pois      #.........   34%         3    ###....


Dungeon Overview and Level Annotations

Branches:
Dungeon (5/15)
 Temple: D:4-7

Altars:


Innate Abilities, Weirdness & Mutations

You cannot wear most types of armour.
You are very stealthy in the water. (Stealth+)
You are amphibious.
You can wear up to eight rings at the same time.
You can use your tentacles to constrict eight enemies at once.
Your skin changes colour to match your surroundings (Stealth+).
Your rubbery body absorbs attacks. (AC +1, EV +1)


Message History

You tentacle-slap the adder. Your grab misses the adder.
The adder is lightly wounded.
The adder bites you but does no damage.
You completely miss the adder. Your grab misses the adder.
The adder is lightly wounded.
The adder misses you. The adder bites you.
* * * LOW HITPOINT WARNING * * *
You are poisoned.
The adder poisons you!
You take 1 damage, and have 13/29 hp.
You closely miss the adder. You grab the adder.
The adder is lightly wounded.
You constrict the adder.
You feel sick. The adder closely misses you.
You take 1 damage, and have 12/29 hp.
You tentacle-slap the adder.
The adder is heavily wounded.
You constrict the adder. The adder closely misses you.
Casting: Beastly Appendage
Confirm with . or Enter, or press ? or * to list all spells.
You miscast Spider Form.
You are very lightly contaminated with residual magic.
Waves of light ripple over your body.
You constrict the adder. The adder bites you but does no damage.
You now have 4/7 mp.
Casting: Spider Form
Confirm with . or Enter, or press ? or * to list all spells.
You create a snake!
You now have 37 arrows.
You constrict the adder.
You kill the adder!
Your Fighting skill increases to level 2!
You now have 2/7 mp.
You swap places.
You feel sick. Something hits your adder.
You take 1 damage, and have 12/29 hp.
You feel sick.
There is a stone staircase leading down here.
You take 1 damage, and have 11/29 hp.
Something hits your adder.
You climb downwards.
Your summoned ally is left behind.
Found 9 gold pieces.
There is a stone staircase leading up here.
You start resting.
You feel sick.
You are no longer poisoned.
You take 1 damage, and have 10/29 hp.
You start resting.
Your magical contamination has completely faded away.
You regained 2 hp, and now have 12/29 hp.
You regained 2 mp, and now have 5/7 mp.
You start resting.
Magic restored.
You regained 2 hp, and now have 14/29 hp.
MP restored: 7 You start resting.
All of the chunks of flesh in your inventory have rotted away.
You are feeling hungry.
You regained 7 hp, and now have 21/29 hp.
Autopickup is now on.
You start resting.
An orc comes into view. It is wielding a flail.
An orc comes into view. It is wielding a club.
An orc wizard comes into view. It is wielding a dagger.
An orc comes into view. It is wielding a dagger.
The orc shouts!
The orc wizard shouts!
You hear a shout!
The orc shouts!
You climb upwards.
The orc wizard completely misses you. The orc barely misses you.
There is a stone staircase leading down here.
You closely miss the orc wizard. You grab the orc wizard.
You constrict the orc wizard, but do no damage.
The orc wizard hits you but does no damage.
The orc barely misses you.
You tentacle-slap the orc wizard. You squeeze the orc wizard.
The orc wizard is moderately wounded.
You constrict the orc wizard, but do no damage.
The orc wizard hits you with a dagger. The orc hits you with a flail.
You take 7 damage, and have 16/29 hp.
MASSIVE DAMAGE!!
You tentacle-slap the orc but do no damage.
Your grab misses the orc.
You constrict the orc wizard, but do no damage.
The orc wizard struggles to escape constriction.
You tentacle-slap the orc. Your grab misses the orc.
The orc is heavily wounded.
You constrict the orc wizard. The orc hits you with a flail.
* * * LOW HITPOINT WARNING * * *
The orc wizard mumbles some strange words.
The orc wizard flickers and vanishes!
Deactivating autopickup; reactivate with Ctrl-A.
You take 4 damage, and have 12/29 hp.
You release your grip on something.
Something hits you.
* * * LOW HITPOINT WARNING * * *
The orc completely misses you.
You climb downwards.
A scorpion comes into view.
The orc misses you.
There is a stone staircase leading up here.
Unknown command.
You take 3 damage, and have 9/29 hp.
Unknown command.
Unknown command.
You tentacle-slap something. Something hits you but does no damage.
The orc hits you with a flail!
You die...

...##......
s...$.....
..........
.oo....
......
#o..# #..o#
#.o@# ##.##
... ##..
... #...
.... ##..#


You could see a scorpion, an orc wizard and 4 orcs.

Vanquished Creatures
  A hound (D:4)
  3 adders
  An ooze (D:3)
  3 worms
  A leopard gecko (D:1)
  An orc (D:4)
  A giant cockroach (D:1)
  4 goblins
  8 hobgoblins
  6 kobolds
  5 bats
  3 frilled lizards
  4 rats
41 creatures vanquished.

Notes
Turn   | Place    | Note
-------+----------+-------------------------------------------
     0 | D:1      | Monsterracer the Octopode Transmuter began the quest for the Orb.
     0 | D:1      | Reached XP level 1. HP: 13/13 MP: 3/3
   226 | D:1      | HP: 4/13 [hobgoblin (5)]
   604 | D:1      | Reached XP level 2. HP: 18/18 MP: 5/5
   606 | D:1      | Reached skill level 1 in Stealth
   610 | D:1      | Learned a level 2 spell: Sticks to Snakes
   906 | D:1      | HP: 8/18 [kobold/whip (6)]
  1146 | D:1      | Reached XP level 3. HP: 22/23 MP: 6/6
  1151 | D:1      | Learned a level 3 spell: Spider Form
  2231 | D:3      | HP: 10/24 [ooze (5)]
  2232 | D:3      | Reached XP level 4. HP: 13/29 MP: 7/7
  2236 | D:3      | HP: 11/29 [poisoned by an adder]
  2244 | D:3      | HP: 10/29 [poisoned by an adder]
  2801 | D:4      | Noticed a phantom
  2811 | D:4      | HP: 14/29 [hound (1)]
  2816 | D:4      | HP: 13/29 [adder (1)]
  2821 | D:4      | HP: 12/29 [poisoned by an adder]
  2827 | D:5      | Entered Level 5 of the Dungeon
  2829 | D:5      | HP: 10/29 [poisoned by an adder]
  2970 | D:4      | HP: 12/29 [orc/flail (4)]
  2973 | D:5      | Slain by an orc

Skill      XL: |  1  2  3  4 |
---------------+-------------+-----
Stealth        | 1 2 |  2.3
Fighting       | 2 |  2.0
Dodging        | |  2.7
Unarmed Combat | |  3.8
Spellcasting   | |  2.0
Transmutations | |  2.6

Action                   |  1- 3 |  4- 6 || total
-------------------------+-------+-------++-------
Melee: Unarmed           |    86 |    31 ||   117
       Constrict         |    22 |     8 ||    30
       Punch             |     1 |       ||     1
       Tentacles         |    10 |     5 ||    15
 Cast: Beastly Appendage |     2 |       ||     2
       Sticks to Snakes  |       |     1 ||     1
  Use: Scroll            |       |     2 ||     2
 Stab: Sleeping          |     7 |     1 ||     8
  Eat: Chunk             |     4 |     2 ||     6
Armor: Skin              |    13 |    15 ||    28
Dodge: Dodged            |    50 |    25 ||    75

Vault maps used:
D:1:      tarquinn_simple_flora_water_c
D:2:      minmay_misc_feat_roman
D:4:      lemuel_upstairs_altar, ashenzari_conservatory_becter, serial_curves,
          eino_curves_02, eino_curves_02, first_ration
D:5:      lemuel_coloured_pillars_altar, serial_shops, nicolae_shop_crystal,
          hangedman_decor_slide_cut, minmay_misc_feat_square, minmay_door_square
